 Dungeon Sprint DCSS version 0.30-a0-779-g7971cf19c3 (webtiles) character file.

Game seed: 7458770339518190222

2093 dialectric the Unseen (level 9, -11/69 HPs)
             Began as a Demonspawn Brigand on Feb 17, 2023.
             Succumbed to a redback's poison
             ... in the Dungeon (Sprint II: "The Violet Keep of Menkaure").
             The game lasted 00:03:49 (653 turns).

dialectric the Unseen (Demonspawn Brigand)           Turns: 653, Time: 00:03:50

Health: -11/69     AC:  5    Str: 12    XL:     9   Next: 7%
Magic:  9/9        EV: 15    Int: 13    God:
Gold:   789        SH:  0    Dex: 18    Spells: 8/8 levels left

rFire   . . .      SeeInvis .    a - +2 dagger
rCold   . . .      Faith    .    (no shield)
rNeg    . . .      Spirit   .    l - +1 robe "Utylolur" {Stlth+}
rPois   .          Reflect  .    (no helmet)
rElec   .          Harm     .    j - +1 cloak
rCorr   .          Rampage  .    (no gloves)
Will    .....      NoTele   +    (no boots)
Stlth   ++++++++                 (no amulet)
HPRegen 0.31/turn                (no ring)
MPRegen 0.22/turn                (no ring)

@: lethally poisoned (-11 -> -97)
A: hooves 1, foul stench 2, magic regeneration
a: no special abilities


You were in the Dungeon.
You visited 1 branch You collected 1053 gold pieces.
You spent 264 gold pieces at shops.

Inventory:

Hand Weapons
 a - a +2 dagger (weapon)
Missiles
 d - 8 poisoned darts (quivered)
 e - a curare-tipped dart
Armour
 b - a +0 robe
 c - a +0 cloak
 j - a +1 cloak (worn)
 l - the +1 robe "Utylolur" (worn) {Stlth+}
   (You bought it in a shop in the Dungeon)

   Stlth:     It makes you more stealthy.
Scrolls
 k - a scroll of blinking
Potions
 h - 3 potions of haste
 i - 2 potions of magic


   Skills:
 + Level 6.0 Fighting
 + Level 6.4 Short Blades
 - Level 1.7 Throwing
 * Level 5.9 Dodging
 + Level 17.3 Stealth


You had 8 spell levels left.
You didn't know any spells.
Your spell library was empty.

Dungeon Overview and Level Annotations

Branches:
Dungeon (1/1)

Altars:
Cheibriados
Dithmenos
Fedhas
Hepliaklqana
Kikubaaqudgha
Makhleb
Qazlal
Ru
Sif Muna
Trog
Wu Jian
Xom
Jiyva
Lugonu

Shops:
D =::?:=[[!!(!(*(

Annotations:
D exclusions: oklob plant and orange crystal statue


Innate Abilities, Weirdness & Mutations

You have large cloven feet.
You sometimes emit foul miasma when damaged in melee.
You regenerate magic rapidly.


Message History

The barbs in your skin will harm you if you move.
Continue? [Y]es or [N]o only, please.
The barbs in your skin will harm you if you move.
Continue?
Okay, then.
You start resting.
You carefully extract the barbed spikes from your body.
Unknown command.
You start resting.
HP restored.
You open the door. 2 redbacks come into view.
Found 81 gold pieces and a brass wand.
The redback barely misses you. x2
There is an open door here.
You closely miss the redback. You kick the redback.
The redback is moderately wounded.
The redback barely misses you.
Okay, then.
The redback attacks as you move away! The redback bites you!
You are poisoned.
The redback poisons you!
You feel extremely sick. The redback bites you!
You are lethally poisoned!
The redback poisons you!
You hit the redback. You kick the redback, but do no damage.
The redback is lightly wounded.
You feel extremely sick. The redback bites you.
You are more poisoned.
The redback poisons you!
Unknown command.
You feel much better.
* * * LOW HITPOINT WARNING * * *
You feel extremely sick. The redback bites you!
* * * LOW HITPOINT WARNING * * *
You hit the redback.
The redback is moderately wounded.
You die...

§§§≈≈≈≈## §§≈§§§≈##
§§8≈≈≈§≈##++##
≈≈≈≈≈§##≈...### # ≈≈≈§
#e≈....(#
#+++#+++#####....#
.........#HH+....#
~.##†##..#.H####.#
~##.#.##.####$ss@###
~#..#..# ...#./#...#
###...####..#####..#
.###'###.##..#))†..#
).##.###..#..#..#..#
#.'.<.'##.'..####.^###
..##.##.#.#....###...##▓▓
.###'###.##......~~~~~~~~~
## #.#####~~....§~#+######


You could see 2 redbacks.

Vanquished Creatures
  A great orb of eyes (D)
  A merfolk siren (D)
  4 neqoxecs (D)
  Menkaure (D)
  A water moccasin (D)
  4 necrophages (D)
  4 scorpions (D)
  A hell rat (D)
17 creatures vanquished.

Notes
Turn   | Place    | Note
-------+----------+-------------------------------------------
     0 | D        | dialectric the Demonspawn Brigand began the quest for the
                  | Orb.
     0 | D        | Reached XP level 1. HP: 16/16 MP: 1/1
     1 | D        | Noticed a merfolk siren
    11 | D        | Killed a merfolk siren
    12 | D        | Reached skill level 1 in Dodging
    12 | D        | Reached skill level 12 in Stealth
    12 | D        | Gained mutation: You have large cloven feet. [demonic
                  | ancestry]
    12 | D        | Reached XP level 2. HP: 25/25 MP: 2/2
    12 | D        | Gained mutation: You may rarely emit foul miasma when
                  | damaged in melee. [demonic ancestry]
    12 | D        | Reached XP level 3. HP: 30/30 MP: 3/3
    12 | D        | Reached XP level 4. HP: 37/37 MP: 4/4
    12 | D        | Gained mutation: You sometimes emit foul miasma when
                  | damaged in melee. [demonic ancestry]
    12 | D        | Reached XP level 5. HP: 42/42 MP: 5/5
    12 | D        | Reached XP level 6. HP: 48/48 MP: 6/6
    27 | D        | Reached skill level 13 in Stealth
    34 | D        | Reached skill level 14 in Stealth
    46 | D        | Reached XP level 7. HP: 41/54 MP: 7/7
    90 | D        | Found Jauraute's Weapon Shop.
    91 | D        | Found Qeint's Assorted Antiques.
    91 | D        | Found Bahuf's Antique Weapon Shop.
    91 | D        | Found Beiproycsy's Distillery.
    91 | D        | Found Fiusaym's Distillery.
    91 | D        | Found Uhatiq's Distillery.
    91 | D        | Found Agutaidgh's Antique Armour Shop.
    91 | D        | Found Pewn's Antique Armour Shop.
    92 | D        | Found Pesif Luto's Weapon Boutique.
    92 | D        | Found Emif's Jewellery Shop.
    92 | D        | Found Lunyt's Book Boutique.
   118 | D        | Reached skill level 15 in Stealth
   121 | D        | Noticed an orange crystal statue
   167 | D        | Found Ufutz's Magic Scroll Shop.
   167 | D        | Noticed Menkaure
   167 | D        | Noticed an oklob plant
   168 | D        | Found Vyafihoc's Book Shop.
   168 | D        | Found Kephal's Jewellery Boutique.
   168 | D        | Found Fetaf's Book Shoppe.
   168 | D        | Noticed a wyvern
   172 | D        | Noticed a wyvern
   173 | D        | Noticed a wyvern
   180 | D        | Bought a glowing cloak for 150 gold pieces
   190 | D        | Bought a creamy pearl robe for 114 gold pieces
   190 | D        | Identified the +1 robe "Utylolur" {Stlth+} (You bought it
                  | in a shop in the Dungeon)
   201 | D        | Noticed a hell hog
   228 | D        | Killed Menkaure
   237 | D        | Noticed a neqoxec
   240 | D        | Killed a neqoxec
   241 | D        | Reached XP level 8. HP: 61/61 MP: 8/8
   243 | D        | Reached skill level 5 in Fighting
   243 | D        | Reached skill level 16 in Stealth
   246 | D        | Reached skill level 5 in Short Blades
   253 | D        | Found a stormy altar of Qazlal.
   254 | D        | Found a hazy altar of Hepliaklqana.
   254 | D        | Found a sacrificial altar of Ru.
   254 | D        | Found an ornate altar of the Wu Jian Council.
   255 | D        | Found a viscous altar of Jiyva.
   255 | D        | Found a shimmering blue altar of Sif Muna.
   256 | D        | Found a snail-covered altar of Cheibriados.
   256 | D        | Found an ancient bone altar of Kikubaaqudgha.
   256 | D        | Found a shimmering altar of Xom.
   256 | D        | Found a bloodstained altar of Trog.
   257 | D        | Found a shadowy altar of Dithmenos.
   257 | D        | Found a corrupted altar of Lugonu.
   258 | D        | Found a burning altar of Makhleb.
   259 | D        | Found a blossoming altar of Fedhas.
   263 | D        | Noticed a great orb of eyes
   264 | D        | Killed a great orb of eyes
   265 | D        | Reached skill level 5 in Dodging
   265 | D        | Reached skill level 17 in Stealth
   265 | D        | Gained mutation: You regenerate magic rapidly. [demonic
                  | ancestry]
   265 | D        | Reached XP level 9. HP: 69/69 MP: 9/9
   306 | D        | Noticed a deep elf master archer
   308 | D        | HP: 3/69 [deep elf master archer/arrow (29)]
   521 | D        | Noticed a manticore
   521 | D        | Noticed a manticore
   521 | D        | Noticed a manticore
   652 | D        | HP: 1/69 [redback (13)]
   653 | D        | Succumbed to a redback's poison

Illustrated notes

Levels and vault maps discovered:
D:        the_violet_keep_of_menkaure [sprint2_stairs_cluster_1,
          sprint2_shoproom, sprint2_temple, sprint2_basic_supplies,
          sprint2_obstacle_2, sprint2_obstacle_6, sprint2_obstacle_4,
          sprint2_obstacle_7, sprint2_obstacle_3, sprint2_timed_cluster_1,
          sprint2_smallroom_cluster_1, sprint2_smallroom_final_cluster_1,
          sprint2_transparent_cluster_1, sprint2_second_timed_cluster_1,
          sprint2_sniper_area_1, sprint2_heavy_combat_area_1,
          sprint2_mutation_trap_area_1, sprint2_forest_area_1,
          sprint2_light_combat_area_1, sprint2_behind_water_1,
          sprint2_near_end_vault_1]

Skill      XL: |  1  2  3  4  5  6  7  8 |
---------------+-------------------------+-----
Fighting       | 3 4 6 |  6.0
Short Blades   | 3 4 6 |  6.4
Dodging        | 1 3 5 |  5.9
Stealth        | 12 14 15 17 | 17.3
Throwing       | |  1.7

Action                     |  1- 3 |  4- 6 |  7- 9 || total
---------------------------+-------+-------+-------++-------
  Melee: Dagger            |       |     7 |    62 ||    69
         Kick              |       |       |    16 ||    16
  Throw: Dart              |    10 |    10 |     3 ||    23
    Use: Potion            |       |       |     3 ||     3
   Stab: Sleeping          |       |     2 |     8 ||    10
 Armour: Robe              |       |       |     9 ||     9
  Dodge: Dodged            |       |     3 |    39 ||    42

Table legend: (Time is in decaauts)
 A = Elapsed time spent in this place.
 B = Non-inter-level travel time spent in this place.
 C = Inter-level travel time spent in this place.
 D = Time resting spent in this place.
 E = Time spent auto-exploring this place.
 F = Levels seen in this place.
 G = Mean time per level.
                   A        B        C        D        E       F      G
               +--------+--------+--------+--------+--------+-----+--------+
         Total |    656 |    656 |      0 |    352 |      0 |   1 |  656.0 |
       Dungeon |    656 |    656 |      0 |    352 |      0 |   1 |  656.0 |
               +--------+--------+--------+--------+--------+-----+--------+

Top non-repeatable levels by time:
       D: 656 daAuts
